 Dungeon Crawl Stone Soup version 0.27.1-35-g4d5d836560 (console) character file.

Game seed: 11688191547571604643

340 Banquo the Chopper (level 6, -4/47 HPs)
             Began as a Formicid Fighter on Mar 13, 2022.
             Was a Believer of Trog.
             Slain by Menkaure (17 damage)
             ... on level 4 of the Dungeon.
             The game lasted 00:08:59 (4433 turns).

Banquo the Chopper (Formicid Fighter)               Turns: 4433, Time: 00:09:00

Health: -4/47      AC:  7    Str: 22    XL:     6   Next: 86%
Magic:  6/6        EV:  9    Int:  8    God:    Trog [**....]
Gold:   217        SH: 10    Dex: 10    Spells: 5/5 levels left

rFire    . . .     SeeInvis +   a - +0 war axe
rCold    . . .     Faith    .   i - +1 kite shield
rNeg     . . .     Spirit   .   e - +3 leather armour
rPois    .         Reflect  .   (helmet unavailable)
rElec    .         Harm     .   (no cloak)
rCorr    .         Rampage  .   (no gloves)
Will     +++..                  f - +0 pair of boots
Stlth    +.........             (no amulet)
HPRegen  1.15/turn              L - ring of flight
MPRegen  0.10/turn              u - ring of willpower

@: strong-willed (expiring), flying, regenerating (expiring)
A: permanent stasis, dig shafts and tunnels, antennae 3, four strong arms
a: Dig, Shaft Self, Renounce Religion, Trog's Hand


You were on level 4 of the Dungeon.
You worshipped Trog.
Trog was pleased with you.
You visited 1 branch of the dungeon, and saw 4 of its levels.

You collected 217 gold pieces.

Inventory:

Hand Weapons
 a - a +0 war axe (weapon)
 n - a +0 flail of protection
Missiles
 g - 99 stones
 j - 8 atropa-tipped darts
 k - 29 arrows
Armour
 b - a +0 scale mail
 e - a +3 leather armour (worn)
 f - a +0 pair of boots (worn)
 i - a +1 kite shield (worn)
Jewellery
 o - a +6 ring of intelligence
 u - a ring of willpower (right hand)
 L - a ring of flight (left hand)
Scrolls
 q - a scroll of identify
Potions
 c - a potion of heal wounds {unknown}
 d - 3 potions of might
 h - a potion of curing
 l - a potion of resistance
 m - 2 potions of brilliance {unknown}
 p - a potion of flight {unknown}
 r - a potion of haste {unknown}
 s - a potion of degeneration {unknown}
 t - a potion of attraction {unknown}


   Skills:
 * Level 3.3 Fighting
 * Level 6.5 Axes
 * Level 3.4 Armour
 * Level 0.3 Dodging
 * Level 3.8 Shields


You had 5 spell levels left.
You didn't know any spells.
Your spell library was empty.

Dungeon Overview and Level Annotations

Branches:
Dungeon (4/15)
 Temple: D:4-7

Altars:
Kikubaaqudgha
Trog
The Shining One

Annotations:
D:4 Menkaure


Innate Abilities, Weirdness & Mutations

You cannot be hasted, slowed, berserked, paralysed or teleported.
You can dig through walls and to a lower floor.
You have a pair of large antennae on your head. (SInv)
Your four strong arms can wield two-handed weapons with a shield.


Message History

You slash the hobgoblin!
You kill the hobgoblin!
Trog accepts your kill.
You see here a hobgoblin corpse.
Found 24 bolts.
u - a ring of willpower
u - a ring of willpower (right hand)
You see here 24 bolts.
Menkaure, Prince of Dust comes into view.
Menkaure shouts!
Menkaure calls on the powers of darkness!
Your body is wracked with pain!
Okay, then.
Unknown command.
Unknown command.
You extend your mandibles.
You dig through the rock wall.
You dig through the rock wall.
You dig through the rock wall.
Your skin crawls.
You feel strong-willed.
You retract your mandibles.
You barely miss Menkaure. Menkaure hits you but does no damage.
You slash Menkaure!
Menkaure is heavily damaged.
Menkaure gestures wildly while chanting.
Menkaure seems to speed up.
You barely miss Menkaure.
Menkaure is heavily damaged.
You feel the effects of Trog's Hand fading.
Menkaure hits you! x2
* * * LOW HITPOINT WARNING * * *
You slash Menkaure!
Menkaure is severely damaged.
Menkaure misses you.
You hit Menkaure.
Menkaure is almost destroyed.
Menkaure grins.
Menkaure hits you!
You die...

#.# M.# #.#
#.# #.#
#######.####
........##M##
#..#.#@#
#.#.####
##.###.## #.#
##.#
##.###.##
#.#.## #.(.##
#....# ##...#


You could see Menkaure (fast).

Vanquished Creatures
  A scorpion (D:3)
  Natasha (thrice) (D:2)
  6 gnolls
  6 adders
  2 worms (D:2)
  2 dart slugs
  5 orcs (D:3)
  5 ball pythons
  5 bats
  9 endoplasms
  5 giant cockroaches
  8 goblins
  4 hobgoblins
  4 jackals (D:3)
  8 kobolds
  A quokka (D:2)
  3 frilled lizards
  3 rats
80 creatures vanquished.

Notes
Turn   | Place    | Note
-------+----------+-------------------------------------------
     0 | D:1      | Banquo the Formicid Fighter began the quest for the Orb.
     0 | D:1      | Reached XP level 1. HP: 18/18 MP: 1/1
   235 | D:1      | Reached XP level 2. HP: 20/24 MP: 2/2
   436 | D:1      | Reached skill level 3 in Axes
   649 | D:1      | Reached XP level 3. HP: 28/29 MP: 3/3
   660 | D:1      | Found a faded altar of an unknown god.
   669 | D:1      | Became a worshipper of Trog the Wrathful
   669 | D:1      | Reached * piety under Trog
  1557 | D:2      | Reached skill level 4 in Axes
  1557 | D:2      | Reached XP level 4. HP: 35/35 MP: 4/4
  1615 | D:2      | Noticed Natasha
  1626 | D:2      | Killed Natasha
  1697 | D:2      | Noticed Natasha
  1703 | D:2      | Killed Natasha
  1704 | D:2      | Reached XP level 5. HP: 34/41 MP: 5/5
  1804 | D:2      | Reached skill level 5 in Axes
  2537 | D:2      | Reached ** piety under Trog
  2573 | D:2      | Found an ancient bone altar of Kikubaaqudgha.
  2837 | D:2      | Noticed Natasha
  2857 | D:2      | Killed Natasha
  2858 | D:2      | Reached XP level 6. HP: 47/47 MP: 6/6
  2972 | D:2      | Reached skill level 6 in Axes
  4034 | D:3      | Found a glowing golden altar of the Shining One.
  4416 | D:4      | Noticed Menkaure
  4433 | D:4      | Slain by Menkaure

Illustrated notes

Levels and vault maps discovered:
D:1:      psy_arrival_basics, layout_basic, shapermc_ecumenical_altar_gd,
          st_stairs_12, roderic_serpentine_path, kennysheep_nondescript
D:2:      minmay_chambers_of_ones, layout_loops_ring, basic_altar,
          chequers_serial_rivers_large_b, minmay_crystal_water,
          minmay_fractal_squares_gapless_5, uniq_natasha
D:3:      layout_loops_ring, lemuel_doored_altar
D:4:      layout_loops_ring, minmay_temple_entry_drinking_statues, sigmund_army,
          uniq_menkaure

Skill      XL: |  1  2  3  4  5  6 |
---------------+-------------------+-----
Axes           | 3 4 5 6 |  6.5
Fighting       | |  3.3
Armour         | |  3.4
Dodging        | |  0.3
Shields        | |  3.8

Action                   |  1- 3 |  4- 6 || total
-------------------------+-------+-------++-------
Melee: War axe           |    70 |   184 ||   254
Invok: Trog's Hand       |       |     1 ||     1
 Abil: Dig               |       |     7 ||     7
  Use: Scroll            |       |     6 ||     6
Armor: Leather armour    |    17 |    53 ||    70
Dodge: Dodged            |    22 |    59 ||    81
Block: Kite shield       |    34 |    87 ||   121
